 Dungeon Crawl Stone Soup version 0.28.0-49-g6dfe1f597d (webtiles) character file.

Game seed: 17931217751413366152

408 mortz the Magician (level 7, -2/45 HPs)
             Began as a Djinni Conjurer on May 16, 2022.
             Killed by their own static electricity (3 damage)
             ... on level 4 of the Dungeon.
             The game lasted 00:21:08 (5043 turns).

mortz the Magician (Djinni Conjurer)                Turns: 5043, Time: 00:21:08

Health: -2/45      AC:  2    Str: 12    XL:     7   Next: 13%
Gold:   169        EV: 16    Int: 21    God:
                   SH:  5    Dex: 12

rFire   + + .      SeeInvis .   e - +0 dagger {short}
rCold   x . .      Faith    .   f - +2 buckler
rNeg    . . .      Spirit   .   a - +0 robe
rPois   ∞          Reflect  .   (no helmet)
rElec   .          Harm     .   (no cloak)
rCorr   .          Rampage  .   (no gloves)
Will    .....                   (boots unavailable)
Stlth   ++........              (no amulet)
HPRegen 0.15/turn               i - +6 ring of strength
MPRegen 0.00/turn               C - +4 ring of evasion

@: flying
A: sickness immunity, fire resistance 2, cold vulnerability 1, float, innate
caster, HP casting, extra vitality 1
a: no special abilities


You were on level 4 of the Dungeon.
You visited 1 branch of the dungeon, and saw 5 of its levels.
You also visited: Ossuary.

You collected 169 gold pieces.


Innate Abilities, Weirdness & Mutations

You are immune to sickness and miasma.
You are immune to poison.
Your flesh is very heat resistant. (rF++)
You are vulnerable to cold. (rC-)
You float through the air rather than walking.
You learn spells naturally, not from books.
Your magical power is your life essence.
You have superior vitality. (+4 MHP)


   Skills:
 + Level 0.3 Fighting
 + Level 2.8 Dodging
 + Level 2.4 Stealth
 + Level 0.5 Shields
 + Level 5.7 Spellcasting


You couldn't memorise any spells.
You knew the following spells:

 Your Spells              Type           Power      Damage    Failure   Level
a - Magic Dart            Conj           100%       1d8       1%          1
b - Searing Ray           Conj           60%        2d6       1%          2
c - Dazzling Flash        Conj/Hex       60%        N/A       3%          3
d - Fulminant Prism       Conj/Hex       15%        3d11      13%         4
e - Iskenderun's Mystic   Conj/Tloc      30%        2d8       13%         4
f - Shock                 Conj/Air       100%       1d9       1%          1
g - Static Discharge      Conj/Air       30%        N/A       1%          2
h - Ignite Poison         Fire/Tmut/Pois 30%        N/A       3%          3
Your spell library was empty.

Inventory:

Hand Weapons
 d - a +0 spear {polearm}
   (You found it on level 1 of the Dungeon)
 e - a +0 dagger (weapon) {short}
   (You took it off a kobold on level 1 of the Dungeon)
 n - a +0 quarterstaff {staff}
   (You found it on level 2 of the Dungeon)
 q - a +0 flail {mace}
   (You took it off a gnoll on level 3 of the Dungeon)
 u - a +0 hand axe {axe}
   (You took it off an orc on level 3 of the Dungeon)
 v - a +0 vorpal broad axe {axe}
   (You found it on level 4 of the Dungeon)
Missiles
 p - 89 stones {throwing}
Armour
 a - a +0 robe (worn)
 c - a +0 leather armour
   (You found it on level 1 of the Dungeon)
 f - a +2 buckler (worn)
   (You found it on level 1 of the Dungeon)
Jewellery
 b - an amulet of guardian spirit
   (You found it on level 1 of the Dungeon)
 i - a +6 ring of strength (left hand)
   (You found it on level 2 of the Dungeon)
 t - an amulet of magic regeneration {@e2}
   (You found it on level 3 of the Dungeon)
 C - a +4 ring of evasion (right hand)
   (You found it on level 4 of the Dungeon)
Wands
 m - a wand of polymorph (7)
   (You found it on level 2 of the Dungeon)
 y - a wand of charming (8)
   (You found it in an ossuary)
 B - a wand of iceblast (6)
   (You found it in an ossuary)
Scrolls
 h - 6 scrolls of identify {unknown}
 j - a scroll of teleportation {unknown}
 k - a scroll of fear {unknown}
 l - a scroll of enchant weapon {unknown}
 o - a scroll of amnesia {unknown}
 r - 2 scrolls of vulnerability {unknown}
 x - a scroll of noise {unknown}
Potions
 g - 2 potions of attraction {unknown}
 s - a potion of lignification {unknown}
 w - a potion of flight {unknown}
 z - a potion of resistance {unknown}
 A - 2 potions of magic {unknown}
 D - a potion of heal wounds {unknown}

Dungeon Overview and Level Annotations

Branches:
Dungeon (5/15)            Ossuary (visited)
 Temple: D:4-7

Altars:
Wu Jian

.........##.....#........÷....#
...##.....#######.............#
...##.....# #.............#
...##....## #......###'####
....#.....# #......#≈≈.≈≈#
....#....## ###......#≈.#.≈#
....#....# #........#.###.#
....# #........#≈§#.≈# ....#
#.@......#≈§§≈≈# ....#
#..†.....######## #####
#...............#
#################


There were no monsters in sight!


Message History

The magic dart hits the orc wizard.
The orc shouts!
The orc wizard shouts!
The orc wizard mumbles some strange words.
The orc wizard flickers and vanishes!
Deactivating autopickup; reactivate with Ctrl-A.
Aiming: Magic Dart (safe; 1% risk of failure)
Press: ? - help, Q - select action, (/) - cycle Shift-Dir - straight line, f/p - orc wizard
Aim: an orc wizard, wielding a +0 dagger and wearing a +0 robe (lightly wounded, 100% to hit)
The magic dart hits the orc wizard but does no damage. 😕 HP[-1]
You take 1 damage, and now have 44/45 hp.
Casting: Magic Dart (safe; 1% risk of failure)
Confirm with . or Enter, or press ? or * to list all spells.
The orc is struck by an arc of lightning.
You kill the orc!
You are struck by an arc of lightning.
The lightning grounds out.
The orc wizard gestures wildly while chanting.
The orc wizard flickers and vanishes!
A magic dart appears from out of thin air!
The magic dart hits you.
An iguana comes into view. 😕 HP[-10]
You take 10 damage, and now have 34/45 hp.
MASSIVE DAMAGE!! (PAUSE)
Casting: Static Discharge (safe; 1% risk of failure)
Confirm with . or Enter, or press ? or * to list all spells.
Aiming: Searing Ray (safe; 1% risk of failure)
Press: ? - help, Shift-Dir - straight line The searing ray hits something! (Press . to maintain the ray.) 😮 HP[-2]
You take 2 damage, and now have 32/45 hp.
Casting: Searing Ray (safe; 1% risk of failure)
Confirm with . or Enter, or press ? or * to list all spells.
Restarting spell: Searing Ray (safe; 1% risk of failure)
Press: ? - help, Shift-Dir - straight line The searing ray hits something. (Press . to maintain the ray.) 😮 HP[-2]
You take 2 damage, and now have 30/45 hp.
Casting: Searing Ray (safe; 1% risk of failure)
Confirm with . or Enter, or press ? or * to list all spells.
Restarting spell: Searing Ray (safe; 1% risk of failure)
Press: ? - help, Shift-Dir - straight line, f - orc priest
Aim: an orc priest, wielding a +2 dagger of freezing (79% to hit)
The searing ray hits the orc priest.
The searing ray hits something! (Press . to maintain the ray.)
The orc priest calls down the wrath of Beogh upon you.
Beogh smites you!
* * * LOW HITPOINT WARNING * * *
😨 HP[-12]
You take 12 damage, and now have 18/45 hp.
MASSIVE DAMAGE!! (PAUSE)
Found a stone staircase leading down. 😨 HP[+1]
Something hits you.
* * * LOW HITPOINT WARNING * * *
😨 HP[-1]
You take 1 damage, and now have 18/45 hp.
The orc priest looks satisfied for a moment.
Something closely misses you. Something hits you.
* * * LOW HITPOINT WARNING * * *
😨 HP[-3]
You take 3 damage, and now have 15/45 hp.
The orc priest looks encouraged for a moment.
Something hits you but does no damage. The iguana closely misses you.
There is a stone staircase leading up here.
The iguana bites you but does no damage.
You fly upwards.
Reactivating autopickup.
There is a stone staircase leading down here. 😨 HP[+1]
Casting: Searing Ray (safe; 1% risk of failure)
Confirm with . or Enter, or press ? or * to list all spells.
The iguana is struck by an arc of lightning!
The lightning grounds out.
* * * LOW HITPOINT WARNING * * *
The iguana bites you!
* * * LOW HITPOINT WARNING * * *
😱 HP[-9]
You take 9 damage, and now have 7/45 hp.
Unknown command.
Casting: Static Discharge (safe; 1% risk of failure)
Confirm with . or Enter, or press ? or * to list all spells.
The iguana is struck by an arc of lightning!
You are struck by an arc of lightning.
* * * LOW HITPOINT WARNING * * *
The lightning grounds out.
* * * LOW HITPOINT WARNING * * *
The iguana closely misses you. 😱 HP[-4]
You take 4 damage, and now have 3/45 hp.
Casting: Static Discharge (safe; 1% risk of failure)
Confirm with . or Enter, or press ? or * to list all spells.
The iguana is struck by an arc of lightning!
You kill the iguana!
You are struck by an arc of lightning.
You die...

Skill      XL: |  1  2  3  4  5  6 |
---------------+-------------------+-----
Spellcasting   | 4 5 |  5.7
Stealth        | 2 |  2.4
Fighting       | |  0.3
Dodging        | |  2.8
Shields        | |  0.5

Action                   |  1- 3 |  4- 6 |  7- 9 || total
-------------------------+-------+-------+-------++-------
 Cast: Magic Dart        |    55 |    49 |     2 ||   106
       Searing Ray       |     1 |    32 |     3 ||    36
       Dazzling Flash    |       |     1 |       ||     1
       Static Discharge  |       |     6 |     3 ||     9
Armor: Robe              |     3 |     2 |     2 ||     7
Dodge: Dodged            |     6 |    25 |     3 ||    34
Block: Buckler           |     1 |     5 |       ||     6

Levels and vault maps discovered:
D:1:      eino_arrival_cavern_a, layout_rooms, hangedman_decor_opposing
D:2:      minmay_recursive_quarters, layout_loops_ring
D:3:      layout_basic, dreamdust_ecumenical_altar_hidden_monk_grotto
D:4:      layout_gridville, mainiacjoe_overflow_concentric_impassable,
          nicolae_ossuary_entry_plus, kennysheep_generic_room_13
D:5:      layout_cave_pods, minmay_temple_entry_purple_smoke, uniq_grinder

Notes
Turn   | Place    | Note
-------+----------+-------------------------------------------
     0 | D:1      | mortz the Djinni Conjurer began the quest for the Orb.
     0 | D:1      | Reached XP level 1. HP: 15/15 MP: 0/0
     0 | D:1      | magus.rc [v1.9.6]
   188 | D:1      | Reached XP level 2. HP: 14/21 MP: 0/0
  1157 | D:2      | Reached skill level 4 in Spellcasting
  1157 | D:2      | Reached XP level 3. HP: 20/25 MP: 0/0
  1157 | D:2      | Learned a level 1 spell: Shock
  1684 | D:2      | Reached XP level 4. HP: 30/31 MP: 0/0
  2445 | D:3      | Found a faded altar of an unknown god.
  2771 | D:3      | Reached XP level 5. HP: 33/35 MP: 0/0
  2771 | D:3      | Learned a level 2 spell: Static Discharge
  3348 | D:3      | Reached skill level 5 in Spellcasting
  3772 | D:4      | Found an ornate altar of the Wu Jian Council.
  3848 | D:4      | Found a sand-covered staircase.
  3856 | Ossuary  | Entered an ossuary
  4069 | Ossuary  | Noticed a wraith
  4069 | Ossuary  | Noticed a flying skull
  4081 | Ossuary  | Noticed a flying skull
  4099 | Ossuary  | Reached XP level 6. HP: 21/40 MP: 0/0
  4254 | Ossuary  | Noticed a flying skull
  4259 | Ossuary  | Noticed a wraith
  4270 | Ossuary  | Noticed a flying skull
  4435 | D:4      | Noticed a water moccasin
  4447 | D:4      | HP: 10/40 [water moccasin (4)]
  4452 | D:4      | Killed a water moccasin
  4452 | D:4      | HP: 2/40 [/static electricity (2)]
  4453 | D:4      | Reached skill level 2 in Stealth
  4952 | D:4      | Reached XP level 7. HP: 34/45 MP: 0/0
  4952 | D:4      | Learned a level 3 spell: Ignite Poison
  5026 | D:4      | You are sucked into a shaft and drop 1 floor!
  5026 | D:5      | Entered Level 5 of the Dungeon
  5041 | D:4      | HP: 7/45 [iguana (7)]
  5042 | D:4      | HP: 3/45 [/static electricity (2)]
  5043 | D:4      | Killed from afar by themself

Vanquished Creatures
  A water moccasin (D:4)
  A scorpion (D:4)
  A wight (Ossuary)
  2 iguanas (D:4)
  4 gnolls
  6 adders
  An adder zombie (Ossuary)
  A dart slug (D:2)
  2 worms
  4 orcs
  4 ball pythons
  8 endoplasms
  3 giant cockroaches
  5 goblins
  5 hobgoblins
  4 kobolds
  2 quokkas
  2 ball python skeletons (Ossuary)
  8 bats
  6 frilled lizards
  A hobgoblin zombie (Ossuary)
  2 kobold zombies (Ossuary)
  An orc skeleton (Ossuary)
  7 rats
81 creatures vanquished.

Vanquished Creatures (others)
  A plant (D:3)
1 creature vanquished.

Grand Total: 82 creatures vanquished

Table legend:
 A = Non-vault XP
 B = Vault XP
 C = Vault XP percentage of total XP
 D = Non-vault monster count
 E = Vault monster count
 F = Vault count percentage of total count
                 A         B        C        D         E       F
            +---------+---------+-------+---------+---------+-------
      Total |     388 |     232 |  37.4 |      64 |      17 |  21.0
            +---------+---------+-------+---------+---------+-------
        D:1 |      27 |       0 |   0.0 |      17 |       0 |   0.0
        D:2 |      79 |      17 |  17.7 |      17 |       8 |  32.0
        D:3 |     116 |       0 |   0.0 |      23 |       0 |   0.0
        D:4 |     163 |     147 |  47.4 |       6 |       1 |  14.3
        D:5 |       3 |       0 |   0.0 |       1 |       0 |   0.0
    Ossuary |       0 |      68 | 100.0 |       0 |       8 | 100.0
            +---------+---------+-------+---------+---------+-------

Illustrated notes

Table legend:
 A = Kills in this place as a percentage of kills in entire the game.
 B = Kills by you in this place as a percentage of kills by you in the entire game.
 C = Kills by friends in this place as a percentage of kills by friends in the entire game.
 D = Other kills in this place as a percentage of other kills in the entire game.
 E = Experience gained in this place as a percentage of experience gained in the entire game.
 F = Experience gained in this place divided by the number of levels of this place that you have seen.
                   A       B       C       D       E      F
               +-------+-------+-------+-------+-------+----------------------
         Total | 100.0 | 100.0 |   N/A |   N/A | 100.0 | 103.3
       Dungeon |  90.1 |  90.1 |   N/A |   N/A |  89.0 | 110.4
       Ossuary |   9.9 |   9.9 |   N/A |   N/A |  11.0 |  68.0
               +-------+-------+-------+-------+-------+----------------------

Table legend: (Time is in decaauts)
 A = Elapsed time spent in this place.
 B = Non-inter-level travel time spent in this place.
 C = Inter-level travel time spent in this place.
 D = Time resting spent in this place.
 E = Time spent auto-exploring this place.
 F = Levels seen in this place.
 G = Mean time per level.
                   A        B        C        D        E       F      G
               +--------+--------+--------+--------+--------+-----+--------+
         Total |   5042 |   4935 |    107 |   1548 |   2611 |   6 |  840.3 |
       Dungeon |   4536 |   4429 |    107 |   1275 |   2611 |   5 |  907.2 |
       Ossuary |    506 |    506 |      0 |    273 |      0 |   1 |  506.0 |
               +--------+--------+--------+--------+--------+-----+--------+

Top non-repeatable levels by time:
     D:2: 1528 daAuts
     D:1: 1110 daAuts
     D:3: 1086 daAuts
     D:4: 796 daAuts
 Ossuary: 506 daAuts
     D:5: 13 daAuts
